 Dungeon Crawl Stone Soup version 0.26.1-10-gdfb7c7de75 (webtiles) character file.

Game seed: 4424506112529952523

23 phalm the Shield-Bearer (level 3, -6/23 HPs)
             Began as a Gargoyle Fighter on Apr 10, 2021.
             Mangled by a gnoll
             ... wielding a +0 flail
              (10 damage)
             ... on level 1 of the Dungeon.
             The game lasted 00:02:17 (1261 turns).

phalm the Shield-Bearer (Gargoyle Fighter)          Turns: 1261, Time: 00:02:17

Health: -6/23      AC: 10    Str: 20    XL:     3   Next: 0%
Magic:  3/3        EV:  7    Int: 14    God:
Gold:   44         SH:  9    Dex:  9    Spells: 2/2 levels left

rFire    . . .     SeeInvis .   a - +0 flail
rCold    . . .     Faith    .   c - +0 kite shield
rNeg     + . .     Spirit   .   b - +0 scale mail
rPois    ∞         Reflect  .   (no helmet)
rElec    +         Harm     .   (no cloak)
rCorr    .         Rampage  .   (no gloves)
Will     .....                  (no boots)
Stlth    ..........             m - amulet of magic regeneration
HPRegen  0.07/turn              j - +6 ring of intelligence
MPRegen  0.33/turn              (no ring)

@: no status effects
A: negative energy resistance 1, electricity resistance, unbreathing,
petrification resistance, miasma immunity, AC +3
a: no special abilities


You were on level 1 of the Dungeon.
You visited 1 branch of the dungeon, and saw 2 of its levels.

You collected 44 gold pieces.

Inventory:

Hand Weapons
 a - a +0 flail (weapon)
Armour
 b - a +0 scale mail (worn)
 c - a +0 kite shield (worn)
Jewellery
 j - a +6 ring of intelligence (left hand)
 m - an amulet of magic regeneration (around neck)
Scrolls
 e - 2 scrolls of enchant weapon {unknown}
 f - a scroll of identify {unknown}
Potions
 d - 3 potions of might
 g - a potion of curing {unknown}
 h - a potion of degeneration {unknown}
 i - a potion of brilliance {unknown}
 k - a potion of cancellation {unknown}
 l - a potion of attraction {unknown}


   Skills:
 + Level 3.5 Fighting
 * Level 2.4 Maces & Flails
 + Level 3.5 Armour
 * Level 3.7 Shields


You had 2 spell levels left.
You didn't know any spells.
Your spell library was empty.

Dungeon Overview and Level Annotations

Branches:
Dungeon (2/15)

Altars:


Innate Abilities, Weirdness & Mutations

You are resistant to torment.
Your stone body is resilient. (AC +3)
You are immune to poison.
You resist negative energy. (rN+)
You are resistant to electric shocks. (rElec)
You can survive without breathing.
You are immune to petrification.
You are immune to miasma.


Message History

The quokka bites you but does no damage.
The kobold completely misses you. The gnoll barely misses you.
You block the kobold's attack.
The quokka bites you but does no damage.
Your scale mail prevents you from hitting the kobold.
You block the quokka's attack. The kobold hits you but does no damage.
The gnoll hits you but does no damage.
Your shield prevents you from hitting the kobold.
The quokka bites you but does no damage.
The kobold hits you but does no damage. The gnoll closely misses you.
The quokka bites you but does no damage.
You closely miss the kobold. You block the kobold's attack.
The quokka bites you but does no damage.
The gnoll hits you with a +0 flail!
* * * LOW HITPOINT WARNING * * *
The kobold barely misses you. The quokka closely misses you.
You hit the kobold.
You kill the kobold!
The gnoll hits you with a +0 flail!
You die...

#.# ######..########.#
#.# #.......#........#
#(# #.####..#.########
#.# #.#...............
#.# #.#.####.######...
#.# #.#.###......##...
#.# #.#..........##...
#.######r#####......##.#.
#......g@)...............
#.######################.
#######...(.## #......
#.......#....## #.#####
#.####..#.....#####.#.(.#
#.# #..#.........#.#.#.#
#.# #..#.....###.#.#.#.#
#.# #..###.#.# #...#.#.#
#.# #..# #.#.# #####.#.#


You could see a gnoll and a quokka.

Vanquished Creatures
  3 dart slugs (D:1)
  A leopard gecko (D:1)
  A giant cockroach (D:1)
  A goblin (D:1)
  A hobgoblin (D:1)
  3 kobolds (D:1)
  3 bats (D:1)
  3 frilled lizards
  2 rats (D:1)
18 creatures vanquished.

Notes
Turn   | Place    | Note
-------+----------+-------------------------------------------
     0 | D:1      | phalm the Gargoyle Fighter began the quest for the Orb.
     0 | D:1      | Reached XP level 1. HP: 14/14 MP: 1/1
     7 | D:1      | Noticed a hound
     7 | D:1      | Noticed a five-headed hydra
     8 | D:1      | Noticed a black mamba
     8 | D:1      | Noticed a black bear
   173 | D:1      | You fall into a shaft and drop 1 floor!
   261 | D:1      | Reached XP level 2. HP: 15/19 MP: 2/2
   900 | D:1      | Reached XP level 3. HP: 20/23 MP: 3/3
  1261 | D:1      | Mangled by a gnoll

Illustrated notes

Levels and vault maps discovered:
D:1:      onia_arrival_zoo_common, layout_basic, serial_curves, eino_curves_01,
          eino_curves_02, minivault_27
D:2:      layout_basic, lemuel_blue_sif_altar, minmay_circle_x

Action                   || total
-------------------------++-------
Melee: Flail             ||    64
Armor: Scale mail        ||    53
Dodge: Dodged            ||    22
Block: Kite shield       ||    44
